 Dungeon Sprint DCSS version 0.19.1-1-g22dce08 (webtiles) character file.

1226 snakesoliden the Blocker (level 8, -1/83 HPs)
             Began as a Minotaur Fighter on Dec 28, 2016.
             Was a Priest of the Shining One.
             Slain by a demonic crawler (8 damage)
             ... in the Dungeon (Sprint I: "Red Sonja").
             The game lasted 00:04:39 (1173 turns).

snakesoliden the Blocker (Minotaur Fighter)         Turns: 1173, Time: 00:04:40

Health: -1/83      AC:  9    Str: 28    XL:     8   Next: 23%
Magic:  7/7        EV: 10    Int:  5    God:    the Shining One [***...]
Gold:   279        SH: 14    Dex: 10    Spells: 0 memorised, 7 levels left

rFire  . . .     SeeInvis .     a - +0 war axe
rCold  . . .     Gourm    .     b - +0 scale mail
rNeg   + . .     Faith    .     c - +0 shield
rPois  .         Spirit   .     (helmet restricted)
rElec  .         Reflect  .     (no cloak)
rCorr  .         Harm     .     (no gloves)
MR     .....     NoTele   +     (no boots)
Stlth  ..........               (no amulet)
                                (no ring)
                                (no ring)

@: mighty, very slightly contaminated, hasted, glowing, very quick
A: retaliatory headbutt, horns 2
a: Divine Shield, Renounce Religion


You were in the Dungeon.
You worshipped the Shining One.
The Shining One was most pleased with you.
You were not hungry.

You visited 1 branch You collected 351 gold pieces.
You spent 72 gold pieces at shops.

Inventory:

Hand Weapons
 a - a +0 war axe (weapon)
Armour
 b - a +0 scale mail (worn)
 c - a +0 shield (worn)
Scrolls
 k - a scroll of blinking
Potions
 e - a potion of curing
 h - a potion of haste
 i - 2 potions of magic
 j - a potion of berserk rage
 l - a potion of degeneration {unknown}
 n - a potion of lignification {unknown}
Comestibles
 m - 2 fruits


   Skills:
 - Level 11.7 Fighting
 - Level 2.4 Axes
 * Level 13.1 Armour
 * Level 13.3 Shields


You had 7 spell levels left.
You didn't know any spells.

Dungeon Overview and Level Annotations

Branches:
Dungeon (1/1)

Altars:
Cheibriados
Dithmenos
Elyvilon
Fedhas
Gozag
Hepliaklqana
Kikubaaqudgha
Makhleb
Nemelex Xobeh
Okawaru
Qazlal
Ru
Sif Muna
Trog
Uskayaw
Vehumet
Xom
Yredelemnul
Zin
The Shining One
Jiyva
Lugonu

Shops:
D !


Innate Abilities, Weirdness & Mutations

You reflexively headbutt those who attack you in melee.
You have a pair of horns on your head.


Message History

* * * LOW HITPOINT WARNING * * *
The demonic crawler closely misses you.
You feel better. The demonic crawler hits you.
* * * LOW HITPOINT WARNING * * *
You block the demonic crawler's attack.
The demonic crawler hits you but does no damage.
The demonic crawler barely misses you. You furiously retaliate!
You headbutt the demonic crawler.
You block the demonic crawler's attack. x2
You feel better. The demonic crawler hits you!
* * * LOW HITPOINT WARNING * * *
The demonic crawler hits you but does no damage.
The demonic crawler hits you!
* * * LOW HITPOINT WARNING * * *
You block the demonic crawler's attack.
The demonic crawler hits you but does no damage.
The demonic crawler closely misses you.
You feel very mighty all of a sudden. You block the demonic crawler's attack.
The demonic crawler barely misses you. The demonic crawler hits you!
You die...

##########################
#<.#..').#.@ss.#__#..')..#
#..').#..'.s#s.'^.'..#)..#
#..#####+#####'#__####...'..
#..#### #...#.#### #####..
#..#__####..##.# +#
#..#_____##'#..+
#⌠⌠#_.∩...'..._#
####_..__##_.#'#
#_____###+#.#


You could see 4 demonic crawlers.

Vanquished Creatures
  2 kobold demonologists (D)
  A slime creature (D)
  Sigmund (D)
  A yak (D)
  A floating eye (D)
  An ogre (D)
  A jelly (D)
  Ijyb (D)
9 creatures vanquished.

Vanquished Creatures (others)
  A gargoyle (D)
1 creature vanquished.

Grand Total: 10 creatures vanquished

Notes
Turn   | Place    | Note
-------+----------+-------------------------------------------
     0 | D        | snakesoliden the Minotaur Fighter began the quest for the Orb.
     0 | D        | Reached XP level 1. HP: 19/19 MP: 0/0
     2 | D        | Noticed Ijyb
    13 | D        | Killed Ijyb
    13 | D        | Reached skill level 5 in Fighting
    13 | D        | Reached skill level 5 in Armour
    13 | D        | Reached skill level 5 in Shields
    13 | D        | Reached XP level 2. HP: 26/29 MP: 1/1
    18 | D        | Noticed an ogre
    21 | D        | Killed an ogre
    21 | D        | Reached XP level 3. HP: 12/39 MP: 2/2
    21 | D        | Reached XP level 4. HP: 14/47 MP: 3/3
   239 | D        | Noticed Sigmund
   249 | D        | Killed Sigmund
   249 | D        | Reached XP level 5. HP: 57/57 MP: 4/4
   261 | D        | Found a burning altar of Makhleb.
   261 | D        | Found a viscous altar of Jiyva.
   261 | D        | Found a shimmering altar of Xom.
   261 | D        | Found a corrupted altar of Lugonu.
   261 | D        | Noticed a slime creature
   271 | D        | Killed a slime creature
   271 | D        | Reached skill level 10 in Fighting
   271 | D        | Reached skill level 10 in Armour
   271 | D        | Reached skill level 10 in Shields
   271 | D        | Reached XP level 6. HP: 10/67 MP: 5/5
   741 | D        | Found a deep blue altar of Sif Muna.
   743 | D        | Found a radiant altar of Vehumet.
   773 | D        | Found Echome Temip's Distillery.
   773 | D        | Found an ancient bone altar of Kikubaaqudgha.
   773 | D        | Found a hazy altar of Hepliaklqana.
   773 | D        | Found a stormy altar of Qazlal.
   773 | D        | Found a hide-covered altar of Uskayaw.
   773 | D        | Found a blossoming altar of Fedhas.
   773 | D        | Found a bloodstained altar of Trog.
   773 | D        | Found an iron altar of Okawaru.
   773 | D        | Found a basalt altar of Yredelemnul.
   773 | D        | Found a glowing golden altar of the Shining One.
   773 | D        | Found a snail-covered altar of Cheibriados.
   773 | D        | Found a sacrificial altar of Ru.
   773 | D        | Found a glowing silver altar of Zin.
   773 | D        | Found a shadowy altar of Dithmenos.
   773 | D        | Found a white marble altar of Elyvilon.
   773 | D        | Noticed a yak
   783 | D        | Killed a yak
   783 | D        | Reached XP level 7. HP: 24/74 MP: 6/6
   784 | D        | Found an opulent altar of Gozag.
   785 | D        | Found a sparkling altar of Nemelex Xobeh.
   792 | D        | Became a worshipper of the Shining One
   919 | D        | Killed a gargoyle
  1079 | D        | Bought a potion of curing for 36 gold pieces
  1079 | D        | Bought a potion of curing for 36 gold pieces
  1102 | D        | Noticed a kobold demonologist
  1103 | D        | Noticed a kobold demonologist
  1103 | D        | Reached * piety under the Shining One
  1109 | D        | Noticed a rust devil
  1110 | D        | Killed a kobold demonologist
  1114 | D        | Noticed a red devil
  1115 | D        | Noticed a ynoxinul
  1115 | D        | Killed a kobold demonologist
  1115 | D        | Reached ** piety under the Shining One
  1115 | D        | Reached XP level 8. HP: 70/83 MP: 7/7
  1144 | D        | Noticed a demonic crawler
  1144 | D        | Noticed a demonic crawler
  1144 | D        | Noticed a demonic crawler
  1144 | D        | Reached *** piety under the Shining One
  1144 | D        | Noticed a demonic crawler
  1173 | D        | Slain by a demonic crawler

Skill      XL: |  1  2  3  4  5  6  7 |
---------------+----------------------+-----
Fighting       | 5 7 9 10 11 | 11.7
Armour         | 5 7 9 10 11 13 | 13.1
Shields        | 5 7 9 10 11 13 | 13.3
Axes           | |  2.4

Action                   |  1- 3 |  4- 6 |  7- 9 || total
-------------------------+-------+-------+-------++-------
Melee: War axe           |    14 |    29 |    21 ||    64
       Headbutt          |     4 |    11 |     5 ||    20
  Use: Potion            |       |       |     5 ||     5
  Eat: Bread ration      |       |       |     1 ||     1
Armor: Scale mail        |     2 |     4 |    28 ||    34
Dodge: Dodged            |     4 |     6 |    20 ||    30
Block: Shield            |     6 |    13 |    41 ||    60
